[Event "Late-Titled-Tuesday-Blitz-September-12-2023"]
[Site "Chess.com"]
[Date "2023.09.12"]
[Round "2"]
[White "Ready4abattle"]
[Black "LoaySameer"]
[Result "1/2-1/2"]
[WhiteElo "2311"]
[BlackElo "2513"]
[TimeControl "180+1"]
[EndTime "14:18:15 PDT"]
[Termination "Game drawn by repetition"]

1. e4 c5 2. Nf3 Nc6 3. d4 cxd4 4. Nxd4 Nf6 5. Nc3 e5 6. Ndb5 d6 7. Bg5 a6 8. Na3 b5 9. Nd5 Be7 10. Bxf6 Bxf6 11. c4 b4 12. Nc2 a5 13. Qf3 Bg5 14. h4 Bh6 15. g4 Bf4 16. Rd1 Be6 17. g5 O-O 18. Nxf4 exf4 19. Qxf4 Ne5 20. c5 Qc8 21. Rxd6 Qxc5 22. Rd2 Bxa2 23. Be2 Nc4 24. Rd5 Qe7 25. Nd4 Nxb2 26. Nf5 Qe8 27. Rd2 a4 28. Rxb2 b3 29. O-O a3 30. Rxa2 bxa2 31. Bc4 Qb8 32. Qxb8 Rfxb8 33.
Bxa2 Rb2 34. Bd5 a2 35. Bxa2 Rbxa2 36. Rd1 Ra1 37. Rxa1 Rxa1+ 38. Kg2 g6 39. Ng3 Kg7 40. f4 Ra3 41. Kh3 f6 42. Kg4 Kf7 43. f5 Kg7 44. fxg6 hxg6 45. gxf6+ Kxf6 46. Ne2 Re3 47. Ng3 Kf7 48.
Kf4 Ra3 49. h5 g5+ 50. Kg4 Kf6 51. Nf5 Ra4 52. Ng3 Rb4 53. h6 Kg6 54. h7 Rb8 55.
Nf5 Rh8 56. Ne7+ Kf6 57. Nd5+ Kg6 58. Ne7+ Kh6 59. Nf5+ Kg6 60. Ne7+ 1/2-1/2

[Event "Late-Titled-Tuesday-Blitz-September-12-2023"]
[Site "Chess.com"]
[Date "2023.09.12"]
[Round "2"]
[White "The_Machine04"]
[Black "valemava"]
[Result "1-0"]
[WhiteElo "2715"]
[BlackElo "2343"]
[TimeControl "180+1"]
[EndTime "14:18:17 PDT"]
[Termination "The_Machine04 won by checkmate"]

1. d4 c6 2. Nf3 b5 3. e4 a6 4. Nbd2 d5 5. e5 Bg4 6. h3 Bxf3 7. Nxf3 e6 8. Bd3 c5 9. c3 cxd4 10. cxd4 Bb4+ 11. Bd2 Qa5 12. O-O Bxd2 13. Nxd2 Ne7 14. Nb3 Qb6 15. Rc1 Nbc6 16. Qg4 O-O 17. Rc5 f5 18.
exf6 Rxf6 19. Rfc1 Raf8 20. R5c2 Nb4 21. Rd2 Nxd3 22.
Rxd3 Rxf2 23. Re1 R2f6 24. Nc5 Rg6 25. Qe2 Nf5 26. Nd7 Nxd4 27. Nxb6 Nxe2+ 28. Rxe2 Rd8 29. a4 bxa4 30. Nxa4 Rb8 31. Rde3 Rb4 32. Nc5 d4 33. Rxe6 Rxe6 34. Nxe6 d3 35. Rd2 Re4 36. Nc5 Re1+ 37. Kf2 Rb1 38. Nxd3 a5 39. Ke3 a4 40. Kd4 a3 41.
bxa3 Ra1 42. Ne5 Rxa3 43. Ke4 Ra4+ 44. Rd4 Ra8 45. Rd7 Ra4+ 46. Kf5 Ra8 47. Nc6 Rf8+ 48. Ke6 Rf6+ 49. Kd5 Rf2 50. Ne5 h5 51. g4 hxg4 52. hxg4 Rg2 53. Ke6 Kh7 54. Kf5 Rf2+ 55. Kg5 Rf6 56.
Re7 Ra6 57. Nd7 Rg6+ 58. Kf4 Kg8 59. Re8+ Kf7 60. Ne5+ Kxe8 61. Nxg6 Kf7 62. Kg5 Kg8 63. Ne7+ Kh7 64. Nf5 Kg8 65. Kg6 Kh8 66. Nxg7 Kg8 67. Nf5 Kh8 68. Kf6 Kg8 69. g5 Kf8 70. g6 Kg8 71. Nh6+ Kh8 72. g7+ Kh7 73. g8=Q+ Kxh6 74. Qg6# 1-0

[Event "Late-Titled-Tuesday-Blitz-September-12-2023"]
[Site "Chess.com"]
[Date "2023.09.12"]
[Round "2"]
[White "dcremisi"]
[Black "ChristopherYoo"]
[Result "0-1"]
[WhiteElo "2540"]
[BlackElo "3010"]
[TimeControl "180+1"]
[EndTime "14:18:20 PDT"]
[Termination "ChristopherYoo won by resignation"]

1. d4 Nc6 2. Nf3 d6 3. e4 Nf6 4. Nc3 Bg4 5. d5 Nb8 6. Be2 g6 7. O-O Bg7 8. h3 Bxf3 9. Bxf3 O-O 10. Bf4 Nbd7 11. Qd2 c6 12. Rfe1 Rc8 13. Bh2 Qa5 14. Rad1 Rfe8 15. a3 Nb6 16. dxc6 bxc6 17. Qd3 Nfd7 18.
Bg4 h5 19. Bxd7 Nxd7 20. Qc4 Nb6 21. Qd3 Rb8 22. e5 dxe5 23. Qe4 Qc5 24. Bxe5 Bxe5 25.
Qxe5 Qxe5 26. Rxe5 Nc4 27. Re4 Nxb2 28. Rd7 a5 29.
Rexe7 Rxe7 30. Rxe7 Nc4 31. a4 Rb2 32. Rc7 Rxc2 33. Ne4 Ne5 34. Ng5 Rc4 35. g3 f6 36.
Ne6 Rxa4 37. f4 Nf3+ 38. Kf2 Nd4 39. Nxd4 Rxd4 40. Rxc6 Kf7 41. Ra6 a4 42. Ra7+ Ke6 43. Ke3 Rb4 44. Kf3 Kd5 45. Ra6 Rb3+ 46. Kf2 a3 47. Rxf6 h4 48. gxh4 Rxh3 49. Rxg6 a2 50. Ra6 Rh1 51. Rxa2 Rh2+ 52. Kg3 Rxa2 53. Kg4 Ke6 54. Kg5 Kf7 55. Kf5 Ra8 56. Kg5 Rh8 57.
h5 Kg7 58. f5 Kf7 59. h6 Rh7 60. f6 Rh8 61. Kf5 Rxh6 62. Kg5 Rxf6 0-1

[Event "Late-Titled-Tuesday-Blitz-September-12-2023"]
[Site "Chess.com"]
[Date "2023.09.12"]
[Round "2"]
[White "Tiqr777"]
[Black "ilya2700"]
[Result "0-1"]
[WhiteElo "2628"]
[BlackElo "2293"]
[TimeControl "180+1"]
[EndTime "14:18:22 PDT"]
[Termination "ilya2700 won by resignation"]

1. e4 c5 2. Nf3 e6 3. c4 Nc6 4. Nc3 Nf6 5. a3 Be7 6. d4 cxd4 7. Nxd4 Qc7 8. Be2 a6 9. O-O O-O 10. Be3 d6 11. Rc1 Bd7 12. Qd2 Rfd8 13. f3 Bf8 14. Nd5 exd5 15. cxd5 Rdc8 16. dxc6 bxc6 17. b4 Qb7 18. g4 a5 19. bxa5 c5 20. Nf5 Bxf5 21. gxf5 d5 22. e5 d4 23. Bf2 Nd5 24. Bc4 Qd7 25.
Rce1 Nc3 26. e6 Qa4 27. exf7+ Kh8 28. Be6 Rd8 29. Bh4 Rd6 30. f6 Qc6 31. fxg7+ Bxg7 32. Bg4 Rg6 33. Bg3 Nd5 34. Qd3 Ne3 35. Rxe3 dxe3 36. Qxe3 Bd4 37. Qxd4+ cxd4 38. Be5+ Rg7 39. Bxd4 Rf8 40.
Re1 Qd5 41. Bf6 Qxf7 42. Ba1 h6 43. a6 Kh7 44. Bxg7 Qxg7 45. Kh1 Qa7 46. Rg1 Qxa6 47.
Bh5 Rg8 48. Rxg8 Kxg8 49. Bg4 Kg7 50. Kg2 Qxa3 51. Kg3 Qb2 52. h4 Qe5+ 53. f4 Qe3+ 54. Bf3 h5 55. f5 Kf6 56. Kg2 Kxf5 57. Bxh5 Kf4 58. Bg4 Qg3+ 0-1

[Event "Late-Titled-Tuesday-Blitz-September-12-2023"]
[Site "Chess.com"]
[Date "2023.09.12"]
[Round "2"]
[White "Djager97"]
[Black "platy3"]
[Result "1-0"]
[WhiteElo "2537"]
[BlackElo "2883"]
[TimeControl "180+1"]
[EndTime "14:18:24 PDT"]
[Termination "Djager97 won by resignation"]

1. e4 c5 2. Nf3 e6 3. g3 Nc6 4.
Bg2 Nf6 5. Nc3 d6 6. O-O Be7 7. d3 O-O 8. h3 Rb8 9. g4 b5 10. Ne2 d5 11. g5 Nh5 12. Ng3 Nxg3 13. fxg3 Bb7 14. c3 c4 15. exd5 Qxd5 16. d4 Qd7 17.
Bf4 Rbd8 18. h4 Bd6 19. Qd2 Ne7 20. a4 Nd5 21. Bxd6 Qxd6 22. Kh2 b4 23. Ne5 Rc8 24. Rf2 bxc3 25. bxc3 Ba8 26. Raf1 f6 27. Bxd5 Qxd5 28. gxf6 Rxf6 29. Rxf6 gxf6 30. Ng4 Rf8 31. Ne3 Qe4 32. Qf2 Bd5 33. Nxd5 exd5 34. Re1 Qg4 35. Re7 Rf7 36. Re8+ Kg7 37. Qf4 Qxf4 38. gxf4 Rd7 39. Kg3 Kg6 40. Kg4 h5+ 41. Kf3 Kf5 42. Rh8 Rb7 43. Rxh5+ Ke6 44. f5+ Kd6 45. Rh6 Rb3 46. Rxf6+ Kd7 47. Kf4 Rxc3 48.
Ke5 Rc1 49. Kxd5 c3 50. Rf7+ Kd8 51. Kd6 Kc8 52. Rc7+ Kd8 53. Rc5 Ke8 54. h5 Kf7 55. d5 Kf6 56. Kc7 Kxf5 57. d6+ Ke6 58. d7 Rd1 59.
d8=Q 1-0

[Event "Late-Titled-Tuesday-Blitz-September-12-2023"]
[Site "Chess.com"]
[Date "2023.09.12"]
[Round "2"]
[White "dennisodessa"]
[Black "imdarealist"]
[Result "1-0"]
[WhiteElo "2527"]
[BlackElo "2302"]
[TimeControl "180+1"]
[EndTime "14:18:25 PDT"]
[Termination "dennisodessa won on time"]

1. d4 d5 2. c4 e6 3. Nc3 Nf6 4. cxd5 exd5 5. Bg5 c6 6. Qc2 Qb6 7. Bxf6 gxf6 8. e3 Bf5 9. Qxf5 Qxb2 10. Qc8+ Ke7 11. Rb1 Qxc3+ 12. Kd1 Bg7 13. Qxb7+ Nd7 14. Ne2 Qd3+ 15. Kc1 Rhb8 16. Rb3 Qc4+ 17. Nc3 Rxb7 18. Bxc4 Rab8 19. Rxb7 Rxb7 20. Bb3 f5 21. Ne2 Bh6 22. Kc2 Kd6 23. Rd1 Nf6 24. Ng3 Ke6 25. f4 Ne4 26. Rc1 Nxg3 27. hxg3 Bf8 28. Kd3 Rc7 29.
Ba4 c5 30. dxc5 Rxc5 31. Rh1 Ra5 32. Bb3 h6 33. Rh4 Rc5 34. g4 fxg4 35. Rxg4 Rc8 36. Rg8 Kf6 37. g4 Ke6 38. Rh8 Kd6 39. e4 dxe4+ 40.
Kxe4 Ke7 41. Kf5 Rc5+ 42. Ke4 Bg7 43. Ra8 Rc7 44. Kd5 Rd7+ 45. Kc6 Rd6+ 46. Kb7 Rd7+ 47.
Ka6 Rd4 48. Rxa7+ Ke8 49. Rxf7 Bf8 50. g5 hxg5 51. fxg5 Rg4 52. Rf5 Be7 53. Bf7+ Kf8 54. g6 Kg7 55. Rf2 Bf6 56. Kb5 Rb4+ 57. Kxb4 1-0

[Event "Late-Titled-Tuesday-Blitz-September-12-2023"]
[Site "Chess.com"]
[Date "2023.09.12"]
[Round "2"]
[White "Noki102"]
[Black "canary2016"]
[Result "0-1"]
[WhiteElo "2423"]
[BlackElo "2105"]
[TimeControl "180+1"]
[EndTime "14:18:27 PDT"]
[Termination "canary2016 won by resignation"]

1. e3 d5 2. Nc3 Nf6 3. b3 g6 4. Bb2 Bg7 5. g3 O-O 6. Bg2 c5 7. h4 h5 8. Nce2 Nc6 9. Nf3 Bg4 10. d4 Ne4 11. Nh2 Qa5+ 12. c3 cxd4 13. exd4 Bxe2 14. Qxe2 Nxc3 15. Qd2 Bxd4 16. O-O e5 17. Nf3 Rac8 18.
Nxd4 exd4 19. Rfe1 Rfe8 20. a3 Qb6 21. b4 a5 22. Bh3 Rcd8 23. bxa5 Nxa5 24. Bxc3 dxc3 25. Qxc3 d4 26. Qd3 Nc6 27. Rab1 Qc7 28. Rxe8+ Rxe8 29. Bg2 Rd8 30. Bxc6 Qxc6 31. Rb4 Qc5 32. Rc4 Qa5 33.
Rxd4 Rxd4 34. Qxd4 Qxa3 35. Qd8+ Kg7 36. Qd4+ Kg8 37.
Qb6 Qc1+ 38. Kg2 Qc6+ 39. Qxc6 bxc6 40. Kf3 Kf8 41. Ke4 Ke7 42. Ke5 f6+ 43. Kd4 Kd6 44.
f3 c5+ 45. Ke4 Kc6 46. g4 Kb5 47. f4 c4 48. f5 gxf5+ 49. Kxf5 c3 50. gxh5 c2 51.
Kxf6 c1=Q 52. Kg6 Qg1+ 53. Kh7 Qh2 54. h6 Qxh4 55. Kg7 Qg4+ 56. Kh8 Qc8+ 57. Kg7 Qd7+ 58.
Kg8 Qe6+ 59. Kg7 Qe7+ 60. Kg8 Qe8+ 61. Kg7 Qe5+ 62. Kg8 Qg5+ 63. Kh7 Kc6 0-1

[Event "Late-Titled-Tuesday-Blitz-September-12-2023"]
[Site "Chess.com"]
[Date "2023.09.12"]
[Round "2"]
[White "IMGC"]
[Black "MarcoRiehle"]
[Result "0-1"]
[WhiteElo "2416"]
[BlackElo "2769"]
[TimeControl "180+1"]
[EndTime "14:18:29 PDT"]
[Termination "MarcoRiehle won by resignation"]

1. d4 d5 2. Nf3 e6 3. e3 Nf6 4.
Be2 c5 5. O-O Nbd7 6. b3 Bd6 7.
dxc5 Nxc5 8. Bb2 O-O 9. Nbd2 b6 10. c4 Bb7 11. cxd5 Bxd5 12. Nc4 Bc7 13. Nfe5 Rc8 14. Bf3 h6 15. Qe2 Bxf3 16. Qxf3 Qd5 17. Rfd1 Qxf3 18. gxf3 Nd5 19. Kg2 Bb8 20. Ba3 Rfd8 21. Bxc5 Rxc5 22. Nd3 Rcc8 23. Rac1 f6 24. e4 Nf4+ 25. Nxf4 Bxf4 26. Rxd8+ Rxd8 27. Rc2 Kf7 28. Na3 Rd7 29. Nc4 g5 30. Ne3 h5 31. h3 b5 32. Nf1 a6 33.
Rc6 Rd6 34. Rc7+ Kg6 35. Ra7 Rc6 36. Ng3 Bxg3 37. Kxg3 h4+ 38. Kg2 f5 39. a4 bxa4 40.
bxa4 Kf6 41. exf5 exf5 42. a5 Ke5 43. Rg7 Kf4 44. Ra7 Ke5 45. Re7+ Kf6 46. Ra7 f4 47. Rb7 Ke5 48. Re7+ Kd4 49. Rg7 Rc5 50. Rd7+ Kc3 51. Ra7 Rxa5 52. Kf1 Kd3 53. Kg2 Kc4 54. Rc7+ Kb5 55. Rb7+ Kc4 56. Ra7 Kb4 57. Rb7+ Rb5 58.
Ra7 a5 59. Rd7 a4 60. Rd1 a3 61. Rb1+ Ka4 62. Rd1 a2 0-1

[Event "Late-Titled-Tuesday-Blitz-September-12-2023"]
[Site "Chess.com"]
[Date "2023.09.12"]
[Round "2"]
[White "Jaka_Brilej"]
[Black "K_A_S_T_O_R"]
[Result "1-0"]
[WhiteElo "2438"]
[BlackElo "2934"]
[TimeControl "180+1"]
[EndTime "14:18:29 PDT"]
[Termination "Jaka_Brilej won by resignation"]

1. d4 Nf6 2. Bg5 e6 3. e4 h6 4. Bxf6 Qxf6 5. Nc3 d6 6. Qd2 Nd7 7. O-O-O c6 8. g3 e5 9. d5 h5 10. h4 g6 11. f4 Nb6 12. Nh3 Bxh3 13. Bxh3 exf4 14.
gxf4 Bh6 15. Ne2 cxd5 16. Qd4 Qxd4 17. Rxd4 dxe4 18. Rxe4+ Kf8 19. Rf1 Re8 20. Rxe8+ Kxe8 21. b3 Kd8 22. Kd1 f5 23. Rg1 Bf8 24. Rxg6 Be7 25.
Bxf5 Bxh4 26. Nd4 Be7 27. Ne6+ Ke8 28. Rg3 h4 29. Rh3 Kf7 30. Ng5+ Kf6 31. Be4 d5 32. Bd3 Bd6 33. Nf3 Bxf4 34. Rxh4 Rxh4 35. Nxh4 Nd7 36. Nf3 a6 37. a4 Nc5 38. Ke2 Ne6 39.
c3 Nc5 40. Bc2 Ke6 41. Nd4+ Ke5 42. b4 Ne4 43. Bxe4 dxe4 44. Nb3 b6 45. a5 bxa5 46.
Nxa5 Kd5 47. Nb3 Be5 48. Nc5 a5 49. Nxe4 a4 50. Kd3 a3 51. Nd2 a2 52. Nb3 Bf6 53.
Kc2 Kc4 54. Nd2+ Kb5 55. Nb3 Ka4 56. Kb2 Bxc3+ 57. Kxc3 Kb5 58. Na1 Ka4 59. Nc2 Kb5 60. Kb3 1-0

[Event "Late-Titled-Tuesday-Blitz-September-12-2023"]
[Site "Chess.com"]
[Date "2023.09.12"]
[Round "2"]
[White "vugarrasulov"]
[Black "arminmusovic"]
[Result "1-0"]
[WhiteElo "2953"]
[BlackElo "2538"]
[TimeControl "180+1"]
[EndTime "14:18:30 PDT"]
[Termination "vugarrasulov won by checkmate"]

1. d4 d5 2. c4 c5 3. cxd5 Nf6 4. Nf3 cxd4 5. Qa4+ Qd7 6. Qxd4 Qxd5 7. Nc3 Qxd4 8.
Nxd4 a6 9. Bf4 Nbd7 10. Bg3 e5 11. Nf3 e4 12. Nd4 e3 13. fxe3 Bb4 14. O-O-O Bxc3 15. bxc3 Nc5 16. Bh4 Nce4 17. Bxf6 gxf6 18. Rg1 Nxc3 19.
Rd2 Ne4 20. Rc2 Bd7 21. g3 Ke7 22. Bg2 Nd6 23. Kd2 Rac8 24. Rgc1 Rxc2+ 25. Rxc2 Rc8 26. Rxc8 Bxc8 27. Bd5 Ne8 28. e4 Nd6 29. Ke3 Bd7 30.
Kf4 b5 31. e5 Ne8 32. Be4 h6 33.
Bf5 fxe5+ 34. Kxe5 f6+ 35. Kd5 Ng7 36. Bd3 Ne8 37. a3 Nc7+ 38. Kc5 Ne6+ 39. Nxe6 Kxe6 40. Kb6 Bc8 41. Kc7 Bd7 42. Kb6 Bc8 43. Kc5 Ke5 44. e3 Bd7 45. h4 Bc8 46. Bg6 f5 47. Kb6 Ke4 48. g4 Ke5 49. gxf5 Kf6 50. e4 Ke5 51. h5 Kf6 52. Kc7 Ke5 53. Kxc8 a5 54. Kd7 b4 55.
axb4 axb4 56. Bf7 Kxe4 57. f6 Kf5 58. Ke7 Kg5 59. Bg6 b3 60. f7 b2 61. f8=Q Kh4 62. Qf4+ Kh3 63. Qf3+ Kh2 64. Qf2+ Kh3 65. Bf5# 1-0

[Event "Late-Titled-Tuesday-Blitz-September-12-2023"]
[Site "Chess.com"]
[Date "2023.09.12"]
[Round "2"]
[White "HanSchut"]
[Black "AndreiITrifan"]
[Result "1/2-1/2"]
[WhiteElo "2287"]
[BlackElo "2647"]
[TimeControl "180+1"]
[EndTime "14:18:31 PDT"]
[Termination "Game drawn by repetition"]

1. e4 d6 2. d4 Nf6 3. Nc3 g6 4. f4 Bg7 5. Nf3 c6 6. Bd3 b5 7. e5 dxe5 8. dxe5 Nd5 9. Nxd5 Qxd5 10. Qe2 Bf5 11. Bxf5 gxf5 12. O-O c5 13. Qxb5+ Nd7 14. Be3 Rb8 15. Rad1 Rxb5 16. Rxd5 e6 17. Rd2 Rxb2 18. Rfd1 Rb7 19. Ne1 Bf8 20. c4 Be7 21. Nd3 Rc7 22. Nc1 Nb6 23. Rc2 O-O 24. Nb3 Rfc8 25.
g3 Rd7 26. Rxd7 Nxd7 27. Kf2 Nb6 28. Ke2 Kf8 29. Kd3 Ke8 30. Kc3 Na4+ 31. Kd2 Nb6 32.
Kc3 Na4+ 33. Kd2 Rd8+ 34. Ke2 Rc8 35. Na5 Kd7 36. Kd3 Kc7 37. Rd2 Kb6 38. Nb3 Kc6 39.
Rc2 Rd8+ 40. Ke2 h5 41. Bf2 Nb6 42. Na5+ Kc7 43. Nb3 Kc6 44. Be3 h4 45. Na5+ Kc7 46. Nb3 hxg3 47. hxg3 Na4 48. Bf2 Rb8 49. Be3 Rb4 50.
Bf2 Kc6 51. Na5+ Kc7 52. Nb3 Rb7 53. Na5 Rb2 54. Rxb2 Nxb2 55. Kd2 Kb6 56. Nb3 Nxc4+ 57. Kc3 Na5 58. Nxa5 Kxa5 59. Kc4 Kb6 60. a4 a6 61. Be3 Kc6 62. Bf2 Kb6 63. Be1 Bd8 64. Bd2 Kc6 65. Be3 Bb6 66. Bf2 Ba7 67. Be3 Bb6 68. Bf2 Bd8 69. Be3 Be7 70. Bf2 Kb6 1/2-1/2

[Event "Late-Titled-Tuesday-Blitz-September-12-2023"]
[Site "Chess.com"]
[Date "2023.09.12"]
[Round "2"]
[White "CixPer1968"]
[Black "MelihKaanCan"]
[Result "1-0"]
[WhiteElo "2213"]
[BlackElo "2431"]
[TimeControl "180+1"]
[EndTime "14:18:33 PDT"]
[Termination "CixPer1968 won on time"]

1. d4 Nf6 2. c4 c5 3. d5 e6 4. Nc3 exd5 5. cxd5 d6 6. e4 g6 7. Bd3 Bg7 8. h3 O-O 9. Nf3 b5 10. Bxb5 Nxe4 11. Nxe4 Qa5+ 12. Nfd2 Qxb5 13. Nxd6 Qa6 14. N2c4 Rd8 15. Bf4 Nd7 16. O-O Nb6 17. Nxc8 Nxc4 18.
Ne7+ Kf8 19. d6 Nxd6 20. Nd5 Nf5 21. Qf3 Bxb2 22. Rab1 Bg7 23. Nc7 Nd4 24. Nxa6 Nxf3+ 25.
gxf3 Rd3 26. Nxc5 Rxf3 27. Bd6+ Kg8 28. Kg2 Ra3 29. Rfe1 Rxa2 30. Rb7 Rd8 31. Bg3 Bd4 32. Nd7 a5 33. Bh4 Rc8 34. Nf6+ Kg7 35. Ng4 h5 36. Ne5 Re8 37. Rxf7+ Kg8 38. Rf6 Rxe5 39. Rxe5 Bxe5 40. Rxg6+ Kf7 41. Rg5 Bd4 42. Rxh5 a4 43. Rd5 Bg7 44. Bg3 a3 45. h4 Rb2 46. Be5 Bxe5 47. Rxe5 a2 48. Ra5 Kg6 49. Kg3 Rb3+ 50. f3 Rb2 51. Ra6+ Kf5 52. h5 Kg5 53. h6 Rb6 54. Rxa2 Rxh6 55. Ra5+ Kg6 56. Ra6+ Kh5 57. Rxh6+ Kxh6 58. Kf4 Kg6 59. Ke5 Kf7 60. Kf5 1-0

[Event "Late-Titled-Tuesday-Blitz-September-12-2023"]
[Site "Chess.com"]
[Date "2023.09.12"]
[Round "2"]
[White "MathiasCasalaspro"]
[Black "PabloZarnicki"]
[Result "1/2-1/2"]
[WhiteElo "2266"]
[BlackElo "2488"]
[TimeControl "180+1"]
[EndTime "14:18:36 PDT"]
[Termination "Game drawn by repetition"]

1. e4 e6 2. d4 d5 3. Nc3 Nc6 4. exd5 exd5 5. Bb5 Bb4 6. Bd2 Nf6 7. Nf3 Bg4 8. h3 Bh5 9. g4 Bg6 10. Ne5 Qd6 11.
Bf4 Ne4 12. Nxc6 Qxf4 13. Nxb4+ c6 14. Qe2 O-O 15. Qe3 Qxe3+ 16. fxe3 Nxc3 17. bxc3 a5 18. Bxc6 axb4 19. Bxd5 bxc3 20. Bb3 Rfe8 21. Ke2 Re7 22. Rhf1 Rae8 23. Rf3 Be4 24. Rg3 b5 25. Rf1 g6 26.
g5 Kg7 27. Rf6 h6 28. h4 hxg5 29. hxg5 Rh8 30. Rf2 Rh1 31. Rg4 Bf5 32. Rgf4 Rg1 33. e4 Rxg5 34. Kd3 Be6 35. Bxe6 fxe6 36. e5 Rg3+ 37.
R2f3 Rxf3+ 38. Rxf3 b4 39. Kc4 Rb7 40. d5 exd5+ 41.
Kxd5 Ra7 42. Kc4 Rxa2 43. Rf2 Rb2 44. e6 b3 45. Kxc3 Rxc2+ 46. Rxc2 bxc2 47. Kxc2 Kf6 48. Kd3 Kxe6 49. Ke4 Kf6 50. Kf4 Kg7 51. Kg5 Kh7 52.
Kg4 Kh6 53. Kh4 Kg7 54. Kg5 Kf7 55. Kg4 Kf6 56. Kf4 g5+ 57. Kg4 Kg6 58. Kg3 Kf5 59.
Kf3 Ke5 60. Kg4 Kf6 61. Kg3 Kg6 62. Kg4 Kh6 63. Kg3 Kh5 64. Kh3 g4+ 65. Kg3 Kg5 66. Kg2 Kf4 67. Kf2 Ke4 68. Kg2 Kf4 69. Kf2 Kf5 70. Kg3 Kg5 71. Kg2 Kh4 72. Kh2 g3+ 73.
Kg2 Kg4 74. Kg1 Kf3 75. Kf1 Kf4 76. Kg2 Kg4 77. Kg1 Kh4 78. Kg2 Kg4 1/2-1/2

[Event "Late-Titled-Tuesday-Blitz-September-12-2023"]
[Site "Chess.com"]
[Date "2023.09.12"]
[Round "2"]
[White "wild3000"]
[Black "AlejandroBalde"]
[Result "0-1"]
[WhiteElo "2414"]
[BlackElo "1995"]
[TimeControl "180+1"]
[EndTime "14:18:37 PDT"]
[Termination "AlejandroBalde won by checkmate"]

1. d4 Nf6 2. g3 g6 3. Bg2 Bg7 4. e4 d6 5. Nf3 O-O 6. Nc3 e5 7. O-O Re8 8. dxe5 dxe5 9. Qxd8 Rxd8 10. Nxe5 Nxe4 11. Nxg6 Nxc3 12. Ne7+ Kf8 13. bxc3 Kxe7 14.
Ba3+ Kf6 15. Rfe1 Bf8 16. Bb2 Kg7 17. c4+ Kg8 18. Re5 f6 19. Bd5+ Kg7 20. Rg5+ Kh6 21.
Bxf6 Rd6 22. Rg8 Rxf6 23. Re1 c6 24. Bg2 Be6 25. Rxf8 Rxf8 26. Rxe6+ Kg7 27. f4 Nd7 28.
Rd6 Nf6 29. Rd3 Rad8 30. Rb3 b6 31. Bxc6 Rd1+ 32. Kg2 Rd2+ 33. Kf3 Rxc2 34. g4 Rxc4 35. Bb7 Rf7 36. Ba6 Ra4 37. Bb5 Rxa2 38. f5 a6 39. Bc4 Rc7 40. Be6 b5 41. h3 Rac2 42. Kf4 h6 43.
Rb1 Rb7 44. h4 Rf2+ 45. Kg3 Ne4+ 46. Kh3 Rf3+ 47. Kg2 Rg3+ 48. Kh2 Rc7 49. Re1 Rc2+ 50. Kh1 Nf2+ 51. Kh2 Re3 52. Rxe3 Nxg4+ 53. Kg3 Nxe3 54. Kf4 Nc4 55. Bd5 b4 56. Be4 Rc3 57. Bb1 b3 58.
Ke4 Nd2+ 59. Ke5 Nxb1 60. f6+ Kf7 61. Kd4 b2 62. h5 Rc6 63. Ke5 Nd2 64. Kd4 Rc8 65.
Kd3 b1=Q+ 66. Ke2 Qb3 67. Kf2 Ne4+ 68. Kg2 Rc2+ 69. Kh1 Qb1# 0-1

[Event "Late-Titled-Tuesday-Blitz-September-12-2023"]
[Site "Chess.com"]
[Date "2023.09.12"]
[Round "2"]
[White "traack"]
[Black "biostatistician"]
[Result "1/2-1/2"]
[WhiteElo "2352"]
[BlackElo "2568"]
[TimeControl "180+1"]
[EndTime "14:18:38 PDT"]
[Termination "Game drawn by repetition"]

1. e4 e5 2. Nf3 Nc6 3. Nc3 Nf6 4. a3 d5 5. Bb5 d4 6. Ne2 Bd6 7. c3 O-O 8. cxd4 Nxd4 9. Nexd4 exd4 10. e5 Bxe5 11.
Nxe5 Qd5 12. Qe2 d3 13. Bxd3 Re8 14. f4 Bg4 15. Qe3 Qxg2 16. Rg1 Qxh2 17. Bc4 Be6 18. Bxe6 Rxe6 19. Qg3 Qh6 20. d3 Nh5 21. Qg5 Qxg5 22. Rxg5 Nxf4 23. Bxf4 f6 24. Rh5 g6 25. Rh2 fxe5 26. Re2 Rae8 27. Be3 b6 28. Kd2 c5 29. Rae1 Kg7 30. Bf2 g5 31. Bg3 Kf6 32. Rf2+ Kg6 33. Ref1 h5 34. Rg2 e4 35. Bh4 g4 36. dxe4 Rxe4 37. Rf6+ Kg7 38. Rc6 Rd4+ 39. Kc2 Rd7 40. Rd2 Rxd2+ 41. Kxd2 Rf8 42. Rc7+ Rf7 43. Rxf7+ Kxf7 44. Ke3 Ke6 45. Kf4 Kd5 46. Bd8 Kc4 47. Bf6 Kb3 48. Kg3 b5 49. Kh4 a5 50. Be5 a4 51.
Bd6 Kc4 52. Kxh5 b4 53. axb4 cxb4 54. Kxg4 Kb3 55. Be5 Kc2 56. Kf5 Kd3 57. Kf6 Kc4 58. Ke6 Kd3 59. Bf6 Kc4 60. Bg7 Kb3 61. Bh8 Kc4 62.
Kd6 Kb3 63. Kc5 a3 64. bxa3 bxa3 65. Bg7 a2 66. Bh8 Kc2 67. Ba1 Kb1 68. Bd4 Kc1 69. Ba1 Kc2 70. Bd4 Kb1 71. Be5 Kc2 72. Bd4 Kd2 73. Ba1 Kd3 74. Bd4 Kc2 75. Ba1 Kb1 76. Be5 Kc1 77. Ba1 Kc2 78. Be5 Kb3 79. Bf6 Ka3 80.
Ba1 Kb3 81. Bd4 Kc2 82. Ba1 1/2-1/2

[Event "Late-Titled-Tuesday-Blitz-September-12-2023"]
[Site "Chess.com"]
[Date "2023.09.12"]
[Round "2"]
[White "noblerone"]
[Black "FredddieCroderg"]
[Result "1/2-1/2"]
[WhiteElo "2524"]
[BlackElo "2324"]
[TimeControl "180+1"]
[EndTime "14:18:43 PDT"]
[Termination "Game drawn - insufficient material"]

1. d4 d6 2. Nf3 Bg4 3. Nbd2 Nd7 4. h3 Bh5 5. c4 e5 6. Qb3 Qc8 7. dxe5 dxe5 8. Nxe5 Nxe5 9. Qb5+ Nc6 10. Qxh5 Nf6 11. Qb5 a6 12. Qa4 Bc5 13. e3 O-O 14. Be2 a5 15. a3 Ra6 16. O-O Qf5 17. Qd1 Rd8 18.
Bf3 a4 19. Qe2 Rb6 20. Bxc6 Rxc6 21. Qf3 Qxf3 22. Nxf3 Rb6 23. Ra2 Ne4 24. Re1 f6 25.
Kf1 Kf7 26. Ke2 g5 27. Bd2 Rbd6 28. Bb4 b6 29. Raa1 h5 30. g4 Kg6 31. Rac1 R6d7 32. Rc2 hxg4 33. hxg4 Re8 34. Rh1 Rde7 35. Bxc5 bxc5 36.
Rcc1 f5 37. gxf5+ Kxf5 38. Rcg1 Rg7 39. Rh6 Rg6 40. Rxg6 Kxg6 41. Rd1 Rb8 42. Rd7 Rxb2+ 43. Ke1 Nxf2 44. Rxc7 Nd3+ 45. Kd1 Rb3 46. Rc6+ Kf5 47. Rc8 Ke4 48. Nxg5+ Kxe3 49. Re8+ Kd4 50. Nf3+ Kc3 51. Ke2 Rb2+ 52. Ke3 Kxc4 53. Ra8 Rb3 54. Rxa4+ Kc3 55. Ra8 c4 56. Ke4 Nb2 57. Ne5 Kc2 58. a4 Ra3 59. a5 c3 60. a6 Ra4+ 61. Ke3 Kb1 62. a7 c2 63. Rc8 Nd1+ 64. Kd3 Rxa7 65. Rxc2 Ra3+ 66. Kd2 Nb2 67. Nc4 Rb3 68. Nxb2 Rxb2 69. Rxb2+ Kxb2 1/2-1/2

[Event "Late-Titled-Tuesday-Blitz-September-12-2023"]
[Site "Chess.com"]
[Date "2023.09.12"]
[Round "2"]
[White "ferdipy"]
[Black "crazy_but_lazy"]
[Result "0-1"]
[WhiteElo "2271"]
[BlackElo "2644"]
[TimeControl "180+1"]
[EndTime "14:18:46 PDT"]
[Termination "crazy_but_lazy won on time"]

1. e4 c5 2. d4 cxd4 3. c3 Nf6 4. e5 Nd5 5. cxd4 e6 6. Nf3 b6 7. a3 Bb7 8. Bd3 d6 9. O-O Nd7 10. Qe2 dxe5 11. dxe5 Be7 12. Bd2 O-O 13. Nc3 Nc5 14. Bc2 Nxc3 15. Bxc3 Ba6 16. Qe3 Bxf1 17. Rxf1 Qc7 18. b4 Nd7 19. Rc1 Rac8 20. h4 Rfd8 21. Be4 Nf8 22. Bb2 Qd7 23. Re1 a5 24. Qxb6 axb4 25.
axb4 Rb8 26. Qe3 Rxb4 27. Ba1 Ra4 28. h5 h6 29. Bc2 Rg4 30. g3 Qc8 31. Rc1 Rc4 32. Qe2 Kh8 33. Ne1 Rc7 34. Bb2 Qb8 35.
Rb1 Qa8 36. Be4 Qa4 37. Bf3 Rb8 38. Rd1 Qb5 39. Qxb5 Rxb5 40. Bd4 Kg8 41. Be3 Rb8 42.
Nd3 Rd8 43. Bb6 Rcd7 44. Bxd8 Rxd8 45. Nf4 Rb8 46. Re1 Bc5 47. Nd3 Bd4 48. Re4 Ba7 49.
Ra4 Bb6 50. Rb4 Bc7 51. Rxb8 Bxb8 52. Be4 Nd7 53. f4 Kf8 54. Kg2 Ke7 55. Kf3 Ba7 56. g4 Nb6 57. Nb4 Kd7 58. Nc6 Nc8 59. Nxa7 Nxa7 60. f5 Nb5 61. Kf4 Nc3 62. Bd3 Nd5+ 63. Ke4 Ke7 64. Bc4 Nc7 65. Kf4 Na8 66. g5 Nb6 67. Bb3 Nd7 0-1

[Event "Late-Titled-Tuesday-Blitz-September-12-2023"]
[Site "Chess.com"]
[Date "2023.09.12"]
[Round "2"]
[White "ArturoCaceres"]
[Black "PepeCuenca"]
[Result "1-0"]
[WhiteElo "2451"]
[BlackElo "2759"]
[TimeControl "180+1"]
[EndTime "14:18:49 PDT"]
[Termination "ArturoCaceres won on time"]

1. e4 d6 2. Nf3 Nf6 3. Nc3 e5 4. d4 Nbd7 5. Bc4 Be7 6. O-O O-O 7. a4 c6 8. h3 b6 9. Re1 a6 10. Bb3 Rb8 11. d5 c5 12. Bc4 Ne8 13. Bf1 Nc7 14. Ne2 g6 15. Bh6 Re8 16. Ng3 Bf8 17. Qd2 Bg7 18. h4 Bxh6 19. Qxh6 Qf6 20. h5 Qg7 21. Qxg7+ Kxg7 22. Nd2 Nf6 23. hxg6 hxg6 24. Reb1 b5 25. axb5 axb5 26. Ra7 Re7 27. b4 c4 28. Rba1 Kf8 29. c3 Nce8 30. R7a5 Reb7 31. Be2 Ke7 32. Ngf1 Bd7 33.
Ne3 Nc7 34. f3 Rh8 35. Kf2 Nh5 36. Nef1 Nf4 37. g3 Rh2+ 38. Nxh2 Nh3+ 39. Kg2 Ng5 40.
Nhf1 Rb8 41. Ra7 Ne8 42. g4 Nh7 43. Ng3 Kd8 44. R7a5 Ng5 45. Ndf1 Ke7 46. Ne3 Nc7 47. Rh1 Kf6 48. Kf2 Kg7 49. Bf1 Ne8 50. Ne2 Bc8 51. Bg2 Kf6 52. f4 exf4 53. Nxf4 Ke5 54. Ne2 Nf6 55.
Ra7 Bxg4 56. Re7+ Be6 57. dxe6 fxe6 58. Nd4 Rf8 59. Ke2 d5 60. exd5 Nxd5 61. Nxd5 Kd6 62. Rg7 exd5 63. Rxg6+ Ke5 64. Rxg5+ Kf4 65. Rf5+ Kg4 66.
Rxf8 1-0